 Dungeon Crawl Stone Soup version 0.27.1-33-g824d729ab1 (webtiles) character file.

Game seed: 1895325497618969490

77 pkoi the Ruffian (level 4, -2/35 HPs)
             Began as a Draconian Transmuter on Dec 5, 2021.
             Was a Believer of Cheibriados.
             Slain by a gnoll (10 damage)
             ... on level 2 of the Dungeon.
             The game lasted 00:01:50 (1971 turns).

pkoi the Ruffian (Draconian Transmuter)             Turns: 1971, Time: 00:01:51

Health: -2/35      AC:  5    Str: 17    XL:     4   Next: 13%
Magic:  4/7        EV: 12    Int: 20    God:    Cheibriados [**....]
Gold:   87         SH:  0    Dex: 16    Spells: 4/7 levels left

rFire    . . .     SeeInvis .     - Unarmed
rCold    . . .     Faith    .   (no shield)
rNeg     . . .     Spirit   .   (armour unavailable)
rPois    .         Reflect  .   (helmet restricted)
rElec    .         Harm     .   (no cloak)
rCorr    .         Rampage  .   (no gloves)
Will     .....                  (no boots)
Stlth    +.........             (no amulet)
HPRegen  0.11/turn              (no ring)
MPRegen  0.10/turn              (no ring)

@: wereblooded, very slow
A: AC +5, unfitting armour, cold-blooded
a: Renounce Religion, Bend Time


You were on level 2 of the Dungeon.
You worshipped Cheibriados.
Cheibriados was pleased with you.
You visited 1 branch of the dungeon, and saw 2 of its levels.

You collected 87 gold pieces.

Inventory:

Scrolls
 a - a scroll of enchant weapon {unknown}
 b - a scroll of holy word {unknown}
 d - a scroll of enchant armour {unknown}
 e - a scroll of blinking {unknown}
Potions
 c - a potion of invisibility {unknown}


   Skills:
 - Level 1.1 Fighting
 - Level 1.7 Dodging
 + Level 4.1 Unarmed Combat
 - Level 2.0 Spellcasting
 + Level 2.7 Transmutations
 + Level 1.9 Invocations


You had 4 spell levels left.
You knew the following spells:

 Your Spells              Type           Power      Damage    Failure   Level
a - Beastly Appendage     Tmut           26%        N/A       4%          1
b - Wereblood             Tmut           13%        N/A       8%          2

Your spell library contained the following spells:

 Spells                   Type           Power      Damage    Failure   Level
 Animate Skeleton         Necr           4%         N/A       16%         1
 Pain                     Necr           8%         1d4       16%         1
 Shock                    Conj/Air       8%         1d3       16%         1
 Spider Form              Tmut/Pois      3%         N/A       26%         3
 Swiftness                Air            2%         N/A       43%         3
 Vampiric Draining        Necr           1%         2d6       43%         3
 Ice Form                 Ice/Tmut       7%         N/A       65%         4
 Airstrike                Air            1%         N/A       83%         4


Dungeon Overview and Level Annotations

Branches:
Dungeon (2/15)

Altars:
Cheibriados


Innate Abilities, Weirdness & Mutations

Your plain brown scales are hard. (AC +5)
You cannot fit into any form of body armour.
You are cold-blooded and may be slowed by cold attacks.


Message History

The gnoll hits you with a +0 spear.
* * * LOW HITPOINT WARNING * * *
Things that are here:
a +0 club; a gnoll corpse You hit the gnoll.
Your kick misses the gnoll.
The gnoll is moderately wounded.
The gnoll closely misses you.
You completely miss the gnoll. You claw the gnoll, but do no damage.
The gnoll is moderately wounded.
The gnoll hits you with a +0 spear.
* * * LOW HITPOINT WARNING * * *
You closely miss the gnoll. You claw the gnoll, but do no damage.
Your headbutt misses the gnoll.
The gnoll is moderately wounded.
The gnoll hits you with a +0 spear.
* * * LOW HITPOINT WARNING * * *
You barely miss the gnoll.
The gnoll is moderately wounded.
The gnoll hits you with a +0 spear.
* * * LOW HITPOINT WARNING * * *
You hit the gnoll. You headbutt the gnoll.
You feel a bit better.
You kill the gnoll!
Cheibriados thoroughly appreciates the change of pace.
Cheibriados raises the support of your attributes as your movement slows.
You howl as the wereblood boils in your veins!
You have reached level 4!
You feel clever.
You hit the gnoll. You claw the gnoll.
Your tail-slap misses the gnoll.
The gnoll is heavily wounded.
You howl as the wereblood boils in your veins!
Your horns disappear.
Your talons disappear.
The gnoll closely misses you.
You hit the gnoll.
Your tail-slap misses the gnoll.
The gnoll is severely wounded.
You howl as the wereblood boils in your veins!
The gnoll closely misses you.
You closely miss the gnoll. You tail-slap the gnoll.
The gnoll is severely wounded.
The gnoll hits you with a +1 vorpal flail!
You die...

#.# ###.# #># .##.# #.#
.##.######## #.#
.....<.....# #.#
....######.# #.# #...# #.#
##.## . ##.##
##.#######...###... #.#
#.......@gg........
#.######..#######...###...
#.........# ##.##
#########.# #.# #.# ####)#
#.# #....# #.# #.#### #.#
#.#####.# #.# #....##.#
#.#


You could see 2 gnolls.

Vanquished Creatures
  2 gnolls (D:2)
  An adder (D:2)
  A worm (D:2)
  3 dart slugs (D:1)
  An orc (D:2)
  4 ball pythons
  2 endoplasms
  A giant cockroach (D:1)
  5 goblins
  2 hobgoblins
  4 kobolds
  2 quokkas (D:1)
  4 bats
  A frilled lizard (D:1)
  3 rats
36 creatures vanquished.

Notes
Turn   | Place    | Note
-------+----------+-------------------------------------------
     0 | D:1      | pkoi the Draconian Transmuter began the quest for the Orb.
     0 | D:1      | Reached XP level 1. HP: 16/16 MP: 3/3
   276 | D:1      | Found a faded altar of an unknown god.
   293 | D:1      | Became a worshipper of Cheibriados the Contemplative
   293 | D:1      | Reached * piety under Cheibriados
   407 | D:1      | Reached XP level 2. HP: 17/23 MP: 5/5
   963 | D:1      | Learned a level 2 spell: Wereblood
  1183 | D:1      | Reached skill level 1 in Invocations
  1194 | D:1      | Reached XP level 3. HP: 21/28 MP: 6/6
  1610 | D:2      | Reached ** piety under Cheibriados
  1611 | D:2      | Reached skill level 4 in Unarmed Combat
  1969 | D:2      | Reached XP level 4. HP: 7/35 MP: 4/7
  1971 | D:2      | Slain by a gnoll

Illustrated notes

Levels and vault maps discovered:
D:1:      lemuel_arrival_rhombus, layout_basic, basic_ecumenical_altar
D:2:      layout_loops_ring

Skill      XL: |  1  2  3 |
---------------+----------+-----
Invocations    | 1 |  1.9
Unarmed Combat | 4 |  4.1
Fighting       | |  1.1
Dodging        | |  1.7
Spellcasting   | |  2.0
Transmutations | |  2.7

Action                   |  1- 3 |  4- 6 || total
-------------------------+-------+-------++-------
Melee: Unarmed           |   122 |     3 ||   125
       Tailslap          |     8 |     1 ||     9
       Kick              |     7 |     1 ||     8
       Headbutt          |     6 |       ||     6
 Cast: Beastly Appendage |     5 |       ||     5
       Wereblood         |     2 |       ||     2
 Stab: Sleeping          |     2 |       ||     2
Armor: Skin              |    39 |       ||    39
Dodge: Dodged            |    60 |     2 ||    62
